 Dungeon Crawl Stone Soup version 0.29.0-4-gdea44cf6ec (webtiles) character file.

Game seed: 1676473020628358642

26 qw the Chopper (level 3, 0/21 HPs)
             Began as a Tengu Warper on Aug 28, 2022.
             Succumbed to their own poison gas
             ... on level 1 of the Dungeon.
             The game lasted 00:00:05 (963 turns).

qw the Chopper (Tengu Warper)                        Turns: 963, Time: 00:00:06

Health: 0/21       AC:  3    Str: 13    XL:     3   Next: 8%
Magic:  7/7        EV: 12    Int: 13    God:
Gold:   1178       SH:  0    Dex: 13    Spells: 6/6 levels left

rFire   . . .      SeeInvis .   Y - +0 hand axe
rCold   . . .      Faith    .   (no shield)
rNeg    . . .      Spirit   .   b - +0 leather armour
rPois   .          Reflect  .   (helmet restricted)
rElec   .          Harm     .   (no cloak)
rCorr   .          Rampage  .   (no gloves)
Will    .....                   (boots unavailable)
Stlth   +.........              (no amulet)
HPRegen 0.07/turn               (no ring)
MPRegen 0.10/turn               (no ring)

@: lethally poisoned (0 -> -5)
A: beak, talons 3
a: no special abilities


You were on level 1 of the Dungeon.
You visited 1 branch of the dungeon, and saw 1 of its levels.

You collected 1178 gold pieces.


Innate Abilities, Weirdness & Mutations

You have a beak for a mouth.
You have claws for feet.


   Skills:
 - Level 2.0 Fighting
 + Level 3.8 Axes
 - Level 1.0 Throwing
 - Level 1.1 Armour
 - Level 2.1 Dodging
 - Level 2.0 Spellcasting
 - Level 2.4 Translocations


You had 6 spell levels left.
You didn't know any spells.
Your spell library contained the following spells:

 Spells                   Type           Power      Damage    Failure   Level
 Blink                    Tloc           14%        N/A       19%         2
 Gell's Gravitas          Tloc           7%         N/A       36%         3
 Lesser Beckoning         Tloc           7%         N/A       36%         3
 Teleport Other           Tloc           7%         N/A       36%         3
 Manifold Assault         Tloc           7%         N/A       98%         5

Inventory:

Hand Weapons
 k - a +0 whip
 Y - a +0 hand axe (weapon)
Armour
 b - a +0 leather armour (worn)
Potions
 i - a potion of mutation {unknown}
 j - a potion of degeneration {unknown}
 l - a potion of brilliance {unknown}

Dungeon Overview and Level Annotations

Branches:
Dungeon (1/15)

Altars:


Message History

As you read the scroll labelled ZAPIAB IFAUMP, it crumbles to dust.
You hear a loud clanging noise!
It was a scroll of noise.
Done exploring.
953 ||| READING scroll labelled DON FUIHEE.
The air fills with toxic fumes!
As you read the scroll labelled DON FUIHEE, it crumbles to dust.
It was a scroll of poison.
Done exploring.
954 ||| READING scroll labelled XIDUPPUC QULL.
This is a scroll of acquirement!
954 ||| ACQUIRING 1108 gold pieces Something appears before you!
You now have 1178 gold pieces (gained 1108).
Done exploring.
956 ||| DROPPING scroll of blinking.
You drop a scroll of blinking.
Done exploring.
(D) Dungeon
Where to? (* - list waypoints, ? - help)
What level of the Dungeon? (default 1, ? - help) Sorry, I don't know how to get there.
Done exploring.
957 ||| Stepping randomly (stuck).
Really walk into that cloud of poison gas?
You are engulfed in poison gas.
You are lethally poisoned!
You feel very sick.
958 ||| Stepping ~*~*~tactically~*~*~ (cloud).
You feel very sick.
You see here a scroll of blinking.
There is a lethal amount of poison in your body!
You feel very sick.
There is a lethal amount of poison in your body!
You feel sick.
There is a lethal amount of poison in your body!
You feel sick.
There is a lethal amount of poison in your body!
You feel sick.
There is a lethal amount of poison in your body!
You die...

# ####### ####
##.....## .#.####
##.#####0# ......#
#..8~8~8¤### .#.##.#
#<.~~~~~0¤.# #####.#
#..8~8~8¤#.# #
##.####.#####@#.#
#...# ##¤0.0¤##.#
####..############.#
..........#######..#
...###.#..........##
.### #######.######
.# #.#
.###########.#
.#....Pb.P.#.#


There were no monsters in sight!

Vanquished Creatures
  3 bats (D:1)
  2 endoplasms (D:1)
  A giant cockroach (D:1)
  6 hobgoblins (D:1)
  2 jackals (D:1)
  2 kobolds (D:1)
  A quokka (D:1)
  2 ball pythons (D:1)
  A frilled lizard (D:1)
  2 rats (D:1)
22 creatures vanquished.

Notes
Turn   | Place    | Note
-------+----------+-------------------------------------------
     0 | D:1      | qw the Tengu Warper began the quest for the Orb.
     0 | D:1      | Reached XP level 1. HP: 12/12 MP: 4/4
     0 | D:1      | 0 ||| qw: Version: 0.1-a-89-g26bdef1
     0 | D:1      | 0 ||| qw: Game counter: 2230
     0 | D:1      | 0 ||| qw: Always use a shield: true
     0 | D:1      | 0 ||| qw: God list: Okawaru
     0 | D:1      | 0 ||| qw: Allow faded altars: false
     0 | D:1      | 0 ||| qw: Do Orc after D:15 true
     0 | D:1      | 0 ||| qw: Do second Lair branch before Depths: true
     0 | D:1      | 0 ||| qw: Lair rune preference: random
     0 | D:1      | 0 ||| qw: Plans: Normal
     0 | D:1      | 0 ||| PLANNING D:1-11
    75 | D:1      | Reached XP level 2. HP: 15/17 MP: 6/6
   123 | D:1      | Reached skill level 3 in Axes
   124 | D:1      | Found a faded altar of an unknown god.
   711 | D:1      | 711 ||| Stepping ~*~*~tactically~*~*~ (stealth).
   719 | D:1      | Reached XP level 3. HP: 19/21 MP: 7/7
   949 | D:1      | 949 ||| READING scroll labelled WIOROI VOKUOGG.
   950 | D:1      | 950 ||| READING scroll labelled JEEKUTA FOEXA.
   951 | D:1      | 951 ||| READING scroll labelled LATWUS INGOA.
   952 | D:1      | 952 ||| READING scroll labelled ZAPIAB IFAUMP.
   953 | D:1      | 953 ||| READING scroll labelled DON FUIHEE.
   954 | D:1      | 954 ||| READING scroll labelled XIDUPPUC QULL.
   954 | D:1      | Identified a scroll of acquirement
   954 | D:1      | 954 ||| ACQUIRING 1108 gold pieces
   954 | D:1      | Acquired 1108 gold pieces
   956 | D:1      | 956 ||| DROPPING scroll of blinking.
   957 | D:1      | 957 ||| Stepping randomly (stuck).
   958 | D:1      | 958 ||| Stepping ~*~*~tactically~*~*~ (cloud).
   960 | D:1      | HP: 4/21 [poisoned by you (poison gas)]
   962 | D:1      | HP: 1/21 [poisoned by you (poison gas)]
   963 | D:1      | Succumbed to their own poison gas

Levels and vault maps discovered:
D:1:      lightli_arrival_statue_moat, layout_rooms,
          shapermc_ecumenical_altar_mp_ritualfount, serial_aquarium,
          aquarium_bridge_straight [aquarium_subvault_bridge,
          aquarium_subvault_window, aquarium_subvault_bridge,
          aquarium_subvault_wall], aquarium_window_3, aquarium_window_2,
          aquarium_window_1, aquarium_window_fake, aquarium_view_2d,
          supply_closet_lemuel, palyth_stone_intersect,
          nicolae_figureground_sparkle

Skill      XL: |  1  2 |
---------------+-------+-----
Axes           | 3 |  3.8
Fighting       | |  2.0
Throwing       | |  1.0
Armour         | |  1.1
Dodging        | |  2.1
Spellcasting   | |  2.0
Translocations | |  2.4

Action                   || total
-------------------------++-------
Melee: Hand axe          ||    38
       Kick              ||     9
       Peck              ||     2
Throw: Boomerang         ||     7
  Use: Scroll            ||     6
Armor: Leather armour    ||    10
Dodge: Dodged            ||    19

Table legend:
 A = Non-vault XP
 B = Vault XP
 C = Vault XP percentage of total XP
 D = Non-vault monster count
 E = Vault monster count
 F = Vault count percentage of total count
                 A         B        C        D         E       F
            +---------+---------+-------+---------+---------+-------
      Total |      38 |       0 |   0.0 |      22 |       0 |   0.0
            +---------+---------+-------+---------+---------+-------
        D:1 |      38 |       0 |   0.0 |      22 |       0 |   0.0
            +---------+---------+-------+---------+---------+-------
